 Dungeon Crawl Stone Soup version 0.24-a0-201-gf205589 (webtiles) character file.

Game seed: 5430493807553835163

10 Ijustatesigmund the Ducker (level 2, -1/21 HPs)
             Began as an Octopode Fighter on Mar 22, 2019.
             Slain by a kobold (4 damage)
             ... on level 1 of the Dungeon.
             The game lasted 00:00:21 (141 turns).

Ijustatesigmund the Ducker (Octopode Fighter)        Turns: 141, Time: 00:00:22

Health: -1/21      AC:  1    Str: 20    XL:     2   Next: 20%
Magic:  2/2        EV: 11    Int: 10    God:
Gold:   23         SH:  9    Dex: 11    Spells: 1/1 levels left

rFire    . . .     SeeInvis .   a - +0 flail
rCold    . . .     Gourm    .   b - +0 shield
rNeg     . . .     Faith    .   (helmet restricted)
rPois    .         Spirit   .   (no amulet)
rElec    .         Reflect  .   (no ring)
rCorr    .         Harm     .   (no ring)
MR       .....                  (no ring)
Stlth    ++........             (no ring)
HPRegen  0.07/turn              (no ring)
MPRegen  0.08/turn              (no ring)
                                (no ring)
                                (no ring)

@: mighty
A: almost no armour, stealthy swim, amphibious, 8 rings, constrict 8, camouflage
1, gelatinous body 1
a: no special abilities


You were on level 1 of the Dungeon.
You were not hungry.

You visited 1 branch of the dungeon, and saw 1 of its levels.

You collected 23 gold pieces.

Inventory:

Hand Weapons
 a - a +0 flail (weapon)
Armour
 b - a +0 shield (worn)
Scrolls
 e - a scroll of identify {unknown}
 f - a scroll of enchant weapon {unknown}
Potions
 g - a potion of magic
Comestibles
 d - a ration


   Skills:
 + Level 3.1 Fighting
 * Level 2.3 Maces & Flails
 + Level 3.1 Dodging
 + Level 3.1 Shields


You had one spell level left.
You didn't know any spells.
Your spell library was empty.

Dungeon Overview and Level Annotations

Branches:
Dungeon (1/15)

Altars:


Innate Abilities, Weirdness & Mutations

You cannot wear most types of armour.
You are very stealthy in the water. (Stealth+)
You are amphibious.
You can wear up to eight rings at the same time.
You can use your tentacles to constrict eight enemies at once.
Your skin changes colour to match your surroundings (Stealth+).
Your rubbery body absorbs attacks. (AC +1, EV +1)


Message History

The kobold hits you.
* * * LOW HITPOINT WARNING * * *
The kobold throws a stone.
The stone hits you.
* * * LOW HITPOINT WARNING * * *
You see here a stone.
It was a potion of magic.
Magic courses through your body. The goblin hits you but does no damage.
You feel very mighty all of a sudden. You block the goblin's attack.
You thump the goblin!
You kill the goblin!
Your shield prevents you from hitting the hobgoblin.
You grab the hobgoblin. You squeeze the hobgoblin.
You kill the hobgoblin!
The kobold hits you.
* * * LOW HITPOINT WARNING * * *
You closely miss the kobold. You grab the kobold.
You constrict the kobold, but do no damage.
The kobold hits you.
You die...

...# ## #..# ##.. #..###
#...# ##....#
.....##.....# #.........
#..†##.########
##...)(.(KK@...#
#....##.######.#
...........#####.#.#
...................# #
.##........†...##.##.#
.#
#######.#........#.###.#
#.#....###.#.#....
#.#..............
..................


You could see 2 kobolds.

Vanquished Creatures
  A leopard gecko (D:1)
  2 goblins (D:1)
  A hobgoblin (D:1)
  A jackal (D:1)
  A frilled lizard (D:1)
  2 kobolds (D:1)
8 creatures vanquished.

Notes
Turn   | Place    | Note
-------+----------+-------------------------------------------
     0 | D:1      | Ijustatesigmund the Octopode Fighter began the quest for
                  | the Orb.
     0 | D:1      | Reached XP level 1. HP: 16/16 MP: 1/1
   131 | D:1      | Reached XP level 2. HP: 8/21 MP: 2/2
   141 | D:1      | Slain by a kobold

Levels and vault maps discovered:
D:1:      lemuel_arrival_room, layout_basic, corexii_item_surrounded_by_moat,
          minmay_bisected

Action                   || total
-------------------------++-------
Melee: Flail             ||    14
       Constrict         ||     3
       Tentacles         ||     1
  Use: Potion            ||     2
 Stab: Sleeping          ||     1
Armor: Skin              ||     1
Dodge: Dodged            ||     6
Block: Shield            ||     7

Table legend:
 A = Non-vault XP
 B = Vault XP
 C = Vault XP percentage of total XP
 D = Non-vault monster count
 E = Vault monster count
 F = Vault count percentage of total count
                 A         B        C        D         E       F
            +---------+---------+-------+---------+---------+-------
      Total |       9 |       6 |  40.0 |       5 |       3 |  37.5
            +---------+---------+-------+---------+---------+-------
        D:1 |       9 |       6 |  40.0 |       5 |       3 |  37.5
            +---------+---------+-------+---------+---------+-------
